[ PARTIDA AOE2 · #478251150 ]
UnrankedCoreanos vs Mongols
Equipo del jugador · DERR
[ ANÁLISIS DE REPETICIÓN · EXTRAÍDO DE LA PARTIDA GRABADA ]
Feudal
9:48
Castillos
25:12
Imperial
—
| APM promedio | 43.6 |
| APM pico | 83 |
| eAPM promedio | 20.2 |
| Aldeanos / militares | 71 / 58 |
Foco
⚔️ 39.2% · 🌾 60.8%
Archer ×55 · Militia ×3
Feudal
8:32
Castillos
23:32
Imperial
—
| APM promedio | 64.3 |
| APM pico | 97 |
| eAPM promedio | 31.5 |
| Aldeanos / militares | 120 / 101 |
Foco
⚔️ 48.0% · 🌾 52.0%
Scout Cavalry ×51 · Knight ×50
Feudal
8:01
Castillos
22:25
Imperial
—
| APM promedio | 98.5 |
| APM pico | 151 |
| eAPM promedio | 52.7 |
| Aldeanos / militares | 126 / 127 |
Foco
⚔️ 67.3% · 🌾 32.7%
Archer ×66 · Cavalry Archer ×61
Feudal
8:54
Castillos
23:36
Imperial
—
| APM promedio | 67.0 |
| APM pico | 97 |
| eAPM promedio | 20.8 |
| Aldeanos / militares | 71 / 86 |
Foco
⚔️ 32.4% · 🌾 67.6%
Scout Cavalry ×47 · Knight ×39
Feudal
8:28
Castillos
24:20
Imperial
—
| APM promedio | 51.1 |
| APM pico | 118 |
| eAPM promedio | 20.7 |
| Aldeanos / militares | 63 / 40 |
Foco
⚔️ 45.3% · 🌾 54.7%
Battle Elephant ×20 · Scout Cavalry ×17 · Knight ×3
Feudal
8:52
Castillos
24:15
Imperial
—
| APM promedio | 66.4 |
| APM pico | 113 |
| eAPM promedio | 30.7 |
| Aldeanos / militares | 88 / 117 |
Foco
⚔️ 44.2% · 🌾 55.8%
Archer ×116 · Spearman ×1
Feudal
10:06
Castillos
28:53
Imperial
—
| APM promedio | 34.1 |
| APM pico | 92 |
| eAPM promedio | 14.8 |
| Aldeanos / militares | 59 / 63 |
Foco
⚔️ 40.6% · 🌾 59.4%
Archer ×52 · Skirmisher ×9 · Spearman ×2
Feudal
8:31
Castillos
22:27
Imperial
—
| APM promedio | 52.1 |
| APM pico | 87 |
| eAPM promedio | 22.0 |
| Aldeanos / militares | 83 / 43 |
Foco
⚔️ 37.2% · 🌾 62.8%
Knight ×29 · Scout Cavalry ×14
Mapa de la partida
Recursos iniciales + cada clic de construcción. Líneas = muros · curvas = relieve. ◆ oro · ⬟ piedra · ● bayas · ✦ reliquia · ◌ hueco del cierre
Tu base· Abierta — hueco de 5t
Base de [Ne0] Nicolas del Caño· Abierta — flanco sin cerrar
Base de Ardashnicov· Abierta — hueco de 7t
Base de [Ne0] Javier Milei· Abierta — flanco sin cerrar
Base de youteGG_blind_mist· Abierta — flanco sin cerrar
Base de [Ne0] Fidel Castro· Abierta — flanco sin cerrar
Base de Мамкин руинер· Abierta — hueco de 2t
Base de Don_Maximiliano· Abierta — hueco de 5t
Terreno inicial suavizado · ◌ = hueco del cierre detectado · pasá el cursor para detalles
Inputs por minuto
— [Ne0] Carlos Menem - - [Ne0] Nicolas del Caño
Build order — [Ne0] Carlos Menem
Primeras 150 de 220 acciones detectadas
| 0:02 | Crear | Villager (Male) |
| 0:02 | Crear | Villager (Male) |
| 0:02 | Crear | Villager (Male) |
| 0:03 | Construir | House |
| 0:05 | Construir | House |
| 0:25 | Crear | Villager (Male) |
| 1:30 | Crear | Villager (Male) |
| 1:30 | Crear | Villager (Male) |
| 1:59 | Construir | Lumber Camp |
| 2:01 | Crear | Villager (Male) |
| 2:19 | Crear | Villager (Male) |
| 2:19 | Crear | Villager (Male) |
| 2:50 | Crear | Villager (Male) |
| 3:07 | Crear | Villager (Male) |
| 3:28 | Crear | Villager (Male) |
| 3:49 | Construir | House |
| 4:09 | Crear | Villager (Male) |
| 4:09 | Crear | Villager (Male) |
| 4:41 | Crear | Villager (Male) |
| 4:41 | Crear | Villager (Male) |
| 4:58 | Crear | Villager (Male) |
| 5:16 | Crear | Villager (Male) |
| 5:35 | Construir | House |
| 5:48 | Construir | Barracks |
| 5:56 | Crear | Villager (Male) |
| 6:23 | Crear | Villager (Male) |
| 6:41 | Crear | Villager (Male) |
| 6:59 | Investigar | Loom |
| 7:34 | Investigar | Feudal Age |
| 7:45 | Crear | Militia |
| 8:20 | Crear | Militia |
| 8:40 | Crear | Militia |
| 8:42 | Crear | Villager (Male) |
| 8:45 | Construir | Mill |
| 9:30 | Crear | Villager (Male) |
| 9:48 | Edad | Edad Feudal |
| 9:50 | Construir | Archery Range |
| 9:52 | Crear | Villager (Male) |
| 9:57 | Construir | Archery Range |
| 10:19 | Construir | Palisade Wall |
| 10:21 | Construir | Palisade Wall |
| 10:22 | Construir | Palisade Wall |
| 10:23 | Construir | Palisade Wall |
| 10:24 | Construir | Palisade Wall |
| 10:35 | Crear | Archer |
| 10:42 | Construir | House |
| 10:46 | Construir | House |
| 10:49 | Construir | Palisade Wall |
| 10:51 | Crear | Villager (Male) |
| 10:58 | Investigar | Double-Bit Axe |
| 11:05 | Crear | Archer |
| 11:17 | Crear | Villager (Male) |
| 11:17 | Crear | Villager (Male) |
| 11:28 | Construir | House |
| 11:30 | Crear | Archer |
| 11:30 | Crear | Archer |
| 11:37 | Construir | Palisade Wall |
| 11:57 | Crear | Archer |
| 11:57 | Crear | Archer |
| 12:00 | Crear | Villager (Male) |
| 12:09 | Construir | Mining Camp |
| 12:27 | Crear | Villager (Male) |
| 12:27 | Crear | Villager (Male) |
| 12:58 | Crear | Archer |
| 12:58 | Crear | Archer |
| 13:00 | Crear | Villager (Male) |
| 13:01 | Crear | Villager (Male) |
| 13:16 | Crear | Villager (Male) |
| 13:21 | Construir | Palisade Wall |
| 13:25 | Construir | Blacksmith |
| 13:31 | Construir | Farm |
| 13:34 | Crear | Archer |
| 13:34 | Crear | Archer |
| 13:46 | Construir | House |
| 13:48 | Construir | Palisade Wall |
| 13:52 | Construir | Farm |
| 13:53 | Crear | Archer |
| 14:09 | Investigar | Fletching |
| 14:10 | Investigar | Fletching |
| 14:14 | Construir | Farm |
| 14:20 | Construir | Farm |
| 14:22 | Construir | Farm |
| 14:24 | Crear | Archer |
| 14:25 | Crear | Archer |
| 14:54 | Construir | Palisade Wall |
| 15:06 | Crear | Archer |
| 15:07 | Crear | Archer |
| 15:10 | Crear | Villager (Male) |
| 15:18 | Crear | Archer |
| 15:18 | Crear | Archer |
| 15:23 | Construir | Farm |
| 15:29 | Construir | Palisade Gate |
| 15:34 | Construir | Farm |
| 15:54 | Crear | Archer |
| 15:55 | Crear | Archer |
| 15:57 | Crear | Villager (Male) |
| 16:04 | Construir | Palisade Gate |
| 16:04 | Construir | Palisade Wall |
| 16:15 | Crear | Villager (Male) |
| 16:25 | Crear | Archer |
| 16:34 | Crear | Villager (Male) |
| 16:36 | Construir | Farm |
| 16:40 | Construir | Farm |
| 16:43 | Construir | Farm |
| 16:48 | Crear | Villager (Male) |
| 17:00 | Crear | Archer |
| 17:08 | Crear | Villager (Male) |
| 17:11 | Construir | House |
| 17:23 | Construir | House |
| 17:24 | Construir | House |
| 17:29 | Crear | Archer |
| 17:40 | Crear | Archer |
| 17:41 | Construir | Farm |
| 17:44 | Construir | Farm |
| 17:49 | Crear | Archer |
| 17:52 | Crear | Villager (Male) |
| 18:12 | Crear | Archer |
| 18:13 | Crear | Archer |
| 18:15 | Crear | Villager (Male) |
| 18:15 | Crear | Villager (Male) |
| 18:33 | Crear | Villager (Male) |
| 18:33 | Crear | Villager (Male) |
| 18:38 | Crear | Archer |
| 18:46 | Construir | Farm |
| 18:47 | Construir | Farm |
| 18:47 | Construir | Farm |
| 18:47 | Construir | Farm |
| 18:47 | Construir | Farm |
| 18:48 | Construir | Farm |
| 19:08 | Crear | Villager (Male) |
| 19:11 | Construir | Lumber Camp |
| 19:15 | Crear | Archer |
| 19:15 | Crear | Archer |
| 19:36 | Crear | Archer |
| 19:37 | Crear | Archer |
| 19:59 | Crear | Villager (Male) |
| 19:59 | Crear | Archer |
| 20:00 | Crear | Villager (Male) |
| 20:00 | Crear | Villager (Male) |
| 20:00 | Crear | Villager (Male) |
| 20:03 | Construir | House |
| 20:03 | Construir | House |
| 20:03 | Construir | House |
| 20:04 | Construir | House |
| 20:27 | Crear | Villager (Male) |
| 20:29 | Crear | Archer |
| 20:29 | Crear | Archer |
| 20:31 | Crear | Villager (Male) |
| 20:34 | Construir | House |
| 20:35 | Construir | House |
Build order — [Ne0] Nicolas del Caño
Primeras 150 de 346 acciones detectadas
| 0:00 | Crear | Villager (Male) |
| 0:00 | Crear | Villager (Male) |
| 0:01 | Crear | Villager (Male) |
| 0:02 | Construir | House |
| 0:03 | Construir | House |
| 0:09 | Crear | Villager (Male) |
| 0:09 | Crear | Villager (Male) |
| 0:09 | Crear | Villager (Male) |
| 1:25 | Crear | Villager (Male) |
| 2:01 | Crear | Villager (Male) |
| 2:01 | Crear | Villager (Male) |
| 2:01 | Crear | Villager (Male) |
| 2:07 | Crear | Villager (Male) |
| 2:35 | Construir | Lumber Camp |
| 2:47 | Crear | Villager (Male) |
| 2:47 | Crear | Villager (Male) |
| 3:17 | Construir | House |
| 3:27 | Crear | Villager (Male) |
| 3:27 | Crear | Villager (Male) |
| 3:27 | Crear | Villager (Male) |
| 3:28 | Crear | Villager (Male) |
| 3:28 | Crear | Villager (Male) |
| 3:29 | Crear | Villager (Male) |
| 3:47 | Crear | Villager (Male) |
| 3:47 | Crear | Villager (Male) |
| 3:48 | Crear | Villager (Male) |
| 4:31 | Crear | Villager (Male) |
| 4:33 | Crear | Villager (Male) |
| 4:33 | Crear | Villager (Male) |
| 4:33 | Crear | Villager (Male) |
| 5:16 | Construir | Mill |
| 5:18 | Investigar | Loom |
| 6:09 | Investigar | Feudal Age |
| 7:08 | Construir | House |
| 7:22 | Crear | Villager (Male) |
| 7:39 | Construir | Barracks |
| 8:16 | Crear | Villager (Male) |
| 8:32 | Edad | Edad Feudal |
| 8:37 | Construir | Stable |
| 9:07 | Crear | Villager (Male) |
| 9:17 | Crear | Scout Cavalry |
| 9:18 | Crear | Scout Cavalry |
| 9:18 | Crear | Scout Cavalry |
| 9:21 | Crear | Scout Cavalry |
| 9:22 | Crear | Scout Cavalry |
| 9:22 | Crear | Scout Cavalry |
| 9:23 | Crear | Villager (Male) |
| 9:23 | Crear | Villager (Male) |
| 9:23 | Crear | Villager (Male) |
| 9:29 | Crear | Villager (Male) |
| 9:32 | Construir | House |
| 9:39 | Crear | Villager (Male) |
| 9:47 | Investigar | Double-Bit Axe |
| 9:52 | Investigar | Horse Collar |
| 9:55 | Crear | Villager (Male) |
| 9:56 | Crear | Villager (Male) |
| 9:59 | Construir | House |
| 10:01 | Construir | House |
| 10:14 | Crear | Villager (Male) |
| 10:14 | Crear | Villager (Male) |
| 10:14 | Crear | Villager (Male) |
| 10:22 | Crear | Scout Cavalry |
| 10:22 | Crear | Scout Cavalry |
| 10:22 | Crear | Scout Cavalry |
| 10:28 | Construir | Palisade Wall |
| 10:37 | Crear | Villager (Male) |
| 10:37 | Crear | Villager (Male) |
| 10:44 | Crear | Villager (Male) |
| 10:46 | Construir | Farm |
| 10:47 | Construir | Farm |
| 10:47 | Construir | Farm |
| 10:58 | Crear | Scout Cavalry |
| 10:58 | Crear | Scout Cavalry |
| 11:08 | Construir | House |
| 11:09 | Construir | House |
| 11:11 | Construir | Farm |
| 11:25 | Crear | Scout Cavalry |
| 11:25 | Crear | Scout Cavalry |
| 11:37 | Crear | Villager (Male) |
| 11:37 | Crear | Villager (Male) |
| 11:50 | Crear | Scout Cavalry |
| 11:51 | Crear | Scout Cavalry |
| 11:58 | Construir | Farm |
| 11:58 | Construir | Farm |
| 11:58 | Construir | Farm |
| 11:59 | Construir | Farm |
| 11:59 | Construir | Farm |
| 11:59 | Construir | Farm |
| 12:11 | Construir | House |
| 12:12 | Construir | Palisade Wall |
| 12:17 | Crear | Villager (Male) |
| 12:17 | Crear | Villager (Male) |
| 12:17 | Crear | Villager (Male) |
| 12:19 | Crear | Villager (Male) |
| 12:21 | Construir | Farm |
| 12:32 | Construir | House |
| 12:32 | Construir | House |
| 12:32 | Construir | House |
| 12:32 | Construir | House |
| 12:32 | Construir | House |
| 12:33 | Construir | House |
| 12:36 | Crear | Scout Cavalry |
| 12:36 | Crear | Scout Cavalry |
| 12:54 | Construir | House |
| 12:54 | Construir | House |
| 12:57 | Construir | House |
| 12:57 | Construir | House |
| 12:58 | Construir | House |
| 12:58 | Construir | House |
| 12:58 | Construir | House |
| 12:58 | Construir | House |
| 12:59 | Crear | Scout Cavalry |
| 12:59 | Crear | Scout Cavalry |
| 13:10 | Crear | Villager (Male) |
| 13:11 | Crear | Villager (Male) |
| 13:12 | Construir | Farm |
| 13:24 | Crear | Villager (Male) |
| 13:24 | Crear | Villager (Male) |
| 13:28 | Construir | House |
| 13:30 | Construir | House |
| 13:46 | Construir | Farm |
| 13:46 | Construir | Farm |
| 13:46 | Construir | Farm |
| 13:46 | Construir | Farm |
| 13:46 | Construir | Farm |
| 13:47 | Construir | Farm |
| 13:53 | Crear | Villager (Male) |
| 13:54 | Crear | Villager (Male) |
| 13:56 | Construir | Farm |
| 14:05 | Crear | Villager (Male) |
| 14:05 | Crear | Villager (Male) |
| 14:05 | Crear | Villager (Male) |
| 14:07 | Construir | Farm |
| 14:07 | Construir | Farm |
| 14:07 | Construir | Farm |
| 14:07 | Construir | Farm |
| 14:29 | Crear | Villager (Male) |
| 14:29 | Crear | Villager (Male) |
| 14:31 | Construir | Farm |
| 14:39 | Construir | Farm |
| 14:40 | Construir | Farm |
| 14:40 | Construir | Farm |
| 14:40 | Construir | Farm |
| 14:53 | Crear | Scout Cavalry |
| 14:53 | Crear | Scout Cavalry |
| 15:06 | Construir | Farm |
| 15:08 | Construir | Farm |
| 15:11 | Crear | Villager (Male) |
| 15:19 | Construir | Palisade Wall |
| 15:22 | Crear | Villager (Male) |
Build order — Ardashnicov
Primeras 150 de 332 acciones detectadas
| 0:01 | Crear | Villager (Male) |
| 0:01 | Crear | Villager (Male) |
| 0:02 | Crear | Villager (Male) |
| 0:02 | Crear | Villager (Male) |
| 0:02 | Crear | Villager (Male) |
| 0:03 | Construir | House |
| 0:04 | Construir | House |
| 1:23 | Crear | Villager (Male) |
| 1:23 | Crear | Villager (Male) |
| 1:45 | Construir | Lumber Camp |
| 1:52 | Crear | Villager (Male) |
| 1:55 | Crear | Villager (Male) |
| 1:55 | Crear | Villager (Male) |
| 2:16 | Crear | Villager (Male) |
| 2:17 | Crear | Villager (Male) |
| 3:11 | Crear | Villager (Male) |
| 3:11 | Crear | Villager (Male) |
| 3:17 | Crear | Villager (Male) |
| 3:17 | Crear | Villager (Male) |
| 3:34 | Crear | Villager (Male) |
| 3:38 | Crear | Villager (Male) |
| 3:38 | Crear | Villager (Male) |
| 3:54 | Construir | House |
| 3:58 | Crear | Villager (Male) |
| 4:15 | Crear | Villager (Male) |
| 4:32 | Construir | Mining Camp |
| 5:03 | Crear | Villager (Male) |
| 5:49 | Investigar | Feudal Age |
| 6:40 | Crear | Villager (Male) |
| 7:08 | Construir | Barracks |
| 7:41 | Construir | House |
| 8:01 | Edad | Edad Feudal |
| 8:04 | Investigar | Loom |
| 8:05 | Crear | Villager (Male) |
| 8:05 | Crear | Villager (Male) |
| 8:17 | Crear | Villager (Male) |
| 8:21 | Investigar | Double-Bit Axe |
| 8:21 | Investigar | Double-Bit Axe |
| 8:22 | Crear | Villager (Male) |
| 8:31 | Crear | Villager (Male) |
| 8:31 | Crear | Villager (Male) |
| 8:32 | Crear | Villager (Male) |
| 8:59 | Construir | Palisade Wall |
| 9:08 | Construir | Palisade Wall |
| 9:13 | Construir | Archery Range |
| 9:13 | Crear | Villager (Male) |
| 9:16 | Construir | Archery Range |
| 9:18 | Construir | Blacksmith |
| 9:54 | Construir | Archery Range |
| 9:58 | Construir | Blacksmith |
| 10:11 | Construir | House |
| 10:12 | Crear | Archer |
| 10:18 | Construir | House |
| 10:23 | Crear | Archer |
| 10:35 | Crear | Villager (Male) |
| 10:36 | Crear | Archer |
| 10:44 | Construir | Mill |
| 10:56 | Construir | House |
| 10:57 | Crear | Archer |
| 10:58 | Crear | Archer |
| 11:01 | Crear | Villager (Male) |
| 11:24 | Construir | Palisade Wall |
| 11:26 | Construir | Palisade Wall |
| 11:33 | Crear | Villager (Male) |
| 11:33 | Crear | Villager (Male) |
| 11:47 | Construir | Palisade Wall |
| 11:48 | Construir | Palisade Wall |
| 11:49 | Construir | Palisade Wall |
| 11:52 | Construir | Palisade Wall |
| 11:53 | Construir | Palisade Wall |
| 11:54 | Construir | Palisade Wall |
| 11:55 | Crear | Villager (Male) |
| 11:57 | Crear | Archer |
| 12:12 | Construir | House |
| 12:13 | Construir | Palisade Wall |
| 12:24 | Crear | Villager (Male) |
| 12:24 | Crear | Villager (Male) |
| 12:26 | Construir | Farm |
| 12:28 | Construir | Farm |
| 12:29 | Construir | Farm |
| 12:31 | Construir | Farm |
| 12:34 | Crear | Villager (Male) |
| 12:34 | Crear | Villager (Male) |
| 12:40 | Crear | Archer |
| 12:41 | Crear | Archer |
| 13:08 | Investigar | Fletching |
| 13:08 | Investigar | Fletching |
| 13:17 | Crear | Villager (Male) |
| 13:21 | Construir | Palisade Wall |
| 13:21 | Crear | Villager (Male) |
| 13:22 | Crear | Villager (Male) |
| 13:32 | Construir | Farm |
| 13:34 | Construir | Farm |
| 13:35 | Crear | Archer |
| 13:35 | Crear | Archer |
| 13:43 | Crear | Archer |
| 13:43 | Crear | Archer |
| 13:48 | Crear | Villager (Male) |
| 13:55 | Construir | Farm |
| 13:56 | Crear | Villager (Male) |
| 14:04 | Crear | Archer |
| 14:05 | Crear | Archer |
| 14:11 | Construir | Archery Range |
| 14:15 | Crear | Villager (Male) |
| 14:22 | Investigar | Padded Archer Armor |
| 14:22 | Investigar | Padded Archer Armor |
| 14:22 | Crear | Villager (Male) |
| 14:41 | Crear | Archer |
| 14:41 | Crear | Archer |
| 14:41 | Crear | Archer |
| 14:42 | Crear | Villager (Male) |
| 14:43 | Crear | Villager (Male) |
| 14:52 | Construir | House |
| 15:01 | Crear | Archer |
| 15:01 | Crear | Archer |
| 15:10 | Crear | Archer |
| 15:10 | Crear | Archer |
| 15:20 | Crear | Villager (Male) |
| 15:21 | Crear | Villager (Male) |
| 15:22 | Construir | Farm |
| 15:23 | Crear | Villager (Male) |
| 15:23 | Crear | Villager (Male) |
| 15:27 | Crear | Archer |
| 15:36 | Crear | Villager (Male) |
| 15:40 | Construir | Farm |
| 15:42 | Crear | Archer |
| 15:43 | Crear | Archer |
| 15:57 | Crear | Archer |
| 15:57 | Crear | Archer |
| 16:06 | Crear | Archer |
| 16:07 | Crear | Archer |
| 16:10 | Crear | Villager (Male) |
| 16:11 | Crear | Villager (Male) |
| 16:12 | Construir | Farm |
| 16:13 | Crear | Villager (Male) |
| 16:13 | Crear | Villager (Male) |
| 16:15 | Construir | Farm |
| 16:25 | Crear | Archer |
| 16:25 | Crear | Archer |
| 16:28 | Crear | Villager (Male) |
| 16:28 | Crear | Villager (Male) |
| 16:28 | Crear | Villager (Male) |
| 16:32 | Construir | House |
| 16:36 | Crear | Archer |
| 16:36 | Crear | Archer |
| 16:45 | Crear | Archer |
| 16:45 | Crear | Archer |
| 16:46 | Crear | Archer |
| 16:49 | Crear | Villager (Male) |
| 16:50 | Construir | Farm |
Build order — [Ne0] Javier Milei
Primeras 150 de 245 acciones detectadas
| 0:01 | Crear | Villager (Male) |
| 0:01 | Crear | Villager (Male) |
| 0:02 | Construir | House |
| 0:03 | Construir | House |
| 0:12 | Crear | Villager (Male) |
| 0:20 | Crear | Villager (Male) |
| 0:20 | Crear | Villager (Male) |
| 1:41 | Crear | Villager (Male) |
| 1:42 | Crear | Villager (Male) |
| 2:09 | Crear | Villager (Male) |
| 2:09 | Crear | Villager (Male) |
| 2:10 | Construir | Lumber Camp |
| 2:27 | Crear | Villager (Male) |
| 2:27 | Crear | Villager (Male) |
| 2:48 | Crear | Villager (Male) |
| 3:12 | Crear | Villager (Male) |
| 3:12 | Crear | Villager (Male) |
| 3:41 | Crear | Villager (Male) |
| 3:41 | Crear | Villager (Male) |
| 3:51 | Construir | House |
| 4:06 | Crear | Villager (Male) |
| 4:53 | Crear | Villager (Male) |
| 5:17 | Crear | Villager (Male) |
| 5:44 | Crear | Villager (Male) |
| 5:47 | Investigar | Loom |
| 6:30 | Investigar | Feudal Age |
| 7:02 | Crear | Villager (Male) |
| 7:38 | Construir | Mill |
| 8:23 | Construir | House |
| 8:54 | Edad | Edad Feudal |
| 8:56 | Construir | Stable |
| 9:04 | Investigar | Double-Bit Axe |
| 9:04 | Investigar | Horse Collar |
| 9:29 | Crear | Villager (Male) |
| 9:30 | Crear | Villager (Male) |
| 9:40 | Crear | Scout Cavalry |
| 9:40 | Crear | Scout Cavalry |
| 9:52 | Crear | Villager (Male) |
| 9:53 | Construir | House |
| 9:55 | Construir | Farm |
| 10:04 | Construir | Farm |
| 10:05 | Construir | Farm |
| 10:06 | Construir | Farm |
| 10:21 | Construir | Blacksmith |
| 10:38 | Crear | Scout Cavalry |
| 10:38 | Crear | Villager (Male) |
| 10:42 | Construir | Farm |
| 10:55 | Construir | Farm |
| 10:58 | Construir | Farm |
| 11:04 | Crear | Villager (Male) |
| 11:09 | Construir | House |
| 11:10 | Construir | Palisade Wall |
| 11:12 | Construir | Palisade Wall |
| 11:15 | Crear | Scout Cavalry |
| 11:31 | Crear | Villager (Male) |
| 11:44 | Crear | Scout Cavalry |
| 11:56 | Construir | Farm |
| 11:58 | Construir | Farm |
| 12:02 | Crear | Villager (Male) |
| 12:21 | Crear | Villager (Male) |
| 12:22 | Crear | Scout Cavalry |
| 12:37 | Crear | Villager (Male) |
| 12:45 | Construir | House |
| 12:53 | Crear | Villager (Male) |
| 13:12 | Crear | Scout Cavalry |
| 13:20 | Construir | House |
| 13:22 | Construir | Farm |
| 13:26 | Construir | Farm |
| 13:27 | Construir | Farm |
| 13:28 | Construir | Farm |
| 13:32 | Crear | Scout Cavalry |
| 13:44 | Crear | Scout Cavalry |
| 13:46 | Crear | Villager (Male) |
| 13:55 | Construir | House |
| 14:01 | Construir | House |
| 14:03 | Crear | Villager (Male) |
| 14:09 | Crear | Scout Cavalry |
| 14:09 | Crear | Scout Cavalry |
| 14:13 | Construir | Farm |
| 14:15 | Construir | Farm |
| 14:30 | Investigar | Scale Barding Armor |
| 14:30 | Investigar | Scale Barding Armor |
| 14:36 | Construir | House |
| 14:40 | Crear | Villager (Male) |
| 14:44 | Construir | Farm |
| 14:54 | Crear | Scout Cavalry |
| 15:08 | Crear | Villager (Male) |
| 15:17 | Construir | Farm |
| 15:22 | Investigar | Forging |
| 15:25 | Crear | Villager (Male) |
| 15:34 | Construir | Mining Camp |
| 15:40 | Crear | Scout Cavalry |
| 15:50 | Construir | Stable |
| 15:54 | Crear | Villager (Male) |
| 16:01 | Crear | Villager (Male) |
| 16:02 | Crear | Villager (Male) |
| 16:11 | Construir | Farm |
| 16:15 | Crear | Scout Cavalry |
| 16:25 | Construir | Farm |
| 16:29 | Crear | Scout Cavalry |
| 16:45 | Construir | Farm |
| 16:46 | Crear | Scout Cavalry |
| 16:47 | Crear | Scout Cavalry |
| 17:09 | Crear | Scout Cavalry |
| 17:12 | Crear | Villager (Male) |
| 17:25 | Investigar | Bloodlines |
| 17:55 | Crear | Villager (Male) |
| 18:07 | Crear | Scout Cavalry |
| 18:12 | Crear | Villager (Male) |
| 18:13 | Crear | Scout Cavalry |
| 18:13 | Crear | Scout Cavalry |
| 18:26 | Construir | Farm |
| 18:28 | Construir | Farm |
| 18:28 | Construir | Farm |
| 18:29 | Construir | Farm |
| 18:31 | Construir | Farm |
| 18:35 | Construir | Farm |
| 18:41 | Crear | Scout Cavalry |
| 18:41 | Crear | Villager (Male) |
| 18:42 | Crear | Villager (Male) |
| 18:52 | Crear | Villager (Male) |
| 19:10 | Crear | Scout Cavalry |
| 19:11 | Crear | Scout Cavalry |
| 19:15 | Construir | Market |
| 19:40 | Construir | Farm |
| 19:43 | Construir | Farm |
| 19:45 | Crear | Scout Cavalry |
| 19:45 | Crear | Scout Cavalry |
| 20:01 | Crear | Villager (Male) |
| 20:05 | Construir | House |
| 20:18 | Crear | Villager (Male) |
| 20:35 | Construir | House |
| 20:37 | Construir | Farm |
| 20:56 | Investigar | Castle Age |
| 20:56 | Investigar | Castle Age |
| 20:58 | Construir | House |
| 21:16 | Construir | House |
| 21:22 | Construir | Farm |
| 21:23 | Crear | Villager (Male) |
| 21:27 | Crear | Scout Cavalry |
| 21:45 | Construir | Farm |
| 22:13 | Construir | Farm |
| 22:23 | Construir | Farm |
| 22:53 | Crear | Scout Cavalry |
| 22:53 | Crear | Scout Cavalry |
| 22:53 | Crear | Scout Cavalry |
| 22:53 | Crear | Scout Cavalry |
| 22:54 | Crear | Scout Cavalry |
| 23:18 | Crear | Villager (Male) |
| 23:21 | Construir | Stable |
Build order — youteGG_blind_mist
Primeras 150 de 182 acciones detectadas
| 0:01 | Crear | Villager (Male) |
| 0:01 | Crear | Villager (Male) |
| 0:02 | Construir | House |
| 0:04 | Construir | House |
| 0:24 | Crear | Villager (Male) |
| 0:27 | Crear | Villager (Male) |
| 1:30 | Crear | Villager (Male) |
| 1:51 | Construir | Lumber Camp |
| 1:55 | Crear | Villager (Male) |
| 2:18 | Crear | Villager (Male) |
| 2:50 | Crear | Villager (Male) |
| 3:13 | Crear | Villager (Male) |
| 3:44 | Crear | Villager (Male) |
| 4:03 | Crear | Villager (Male) |
| 4:10 | Construir | House |
| 4:33 | Crear | Villager (Male) |
| 4:55 | Crear | Villager (Male) |
| 5:09 | Crear | Villager (Male) |
| 5:31 | Investigar | Loom |
| 6:18 | Investigar | Feudal Age |
| 6:55 | Construir | House |
| 7:36 | Construir | House |
| 7:45 | Construir | Mill |
| 8:25 | Crear | Villager (Male) |
| 8:26 | Crear | Villager (Male) |
| 8:28 | Edad | Edad Feudal |
| 8:30 | Construir | Stable |
| 8:37 | Construir | House |
| 8:39 | Crear | Villager (Male) |
| 8:46 | Crear | Villager (Male) |
| 9:07 | Investigar | Double-Bit Axe |
| 9:14 | Construir | Palisade Wall |
| 9:30 | Crear | Villager (Male) |
| 9:37 | Construir | House |
| 9:38 | Crear | Scout Cavalry |
| 9:38 | Crear | Scout Cavalry |
| 9:44 | Construir | Blacksmith |
| 10:33 | Construir | Palisade Wall |
| 10:37 | Crear | Villager (Male) |
| 10:37 | Crear | Villager (Male) |
| 10:41 | Investigar | Scale Barding Armor |
| 11:01 | Construir | Palisade Wall |
| 11:05 | Crear | Villager (Male) |
| 11:06 | Crear | Villager (Male) |
| 11:09 | Crear | Scout Cavalry |
| 11:29 | Crear | Villager (Male) |
| 11:44 | Crear | Villager (Male) |
| 11:49 | Crear | Scout Cavalry |
| 12:01 | Construir | Farm |
| 12:05 | Construir | Farm |
| 12:05 | Construir | Farm |
| 12:07 | Construir | Farm |
| 12:10 | Crear | Scout Cavalry |
| 12:11 | Crear | Villager (Male) |
| 12:16 | Construir | Farm |
| 12:33 | Crear | Villager (Male) |
| 12:35 | Construir | Farm |
| 12:46 | Construir | Farm |
| 12:50 | Crear | Villager (Male) |
| 13:01 | Construir | Farm |
| 13:03 | Construir | House |
| 13:10 | Crear | Villager (Male) |
| 13:13 | Construir | Farm |
| 13:23 | Crear | Scout Cavalry |
| 13:28 | Construir | Mining Camp |
| 13:38 | Construir | House |
| 13:42 | Crear | Villager (Male) |
| 14:09 | Construir | Farm |
| 14:10 | Investigar | Forging |
| 14:24 | Crear | Villager (Male) |
| 14:28 | Construir | Farm |
| 14:29 | Construir | Farm |
| 14:32 | Construir | Farm |
| 14:32 | Construir | Farm |
| 14:40 | Crear | Villager (Male) |
| 14:44 | Crear | Villager (Male) |
| 14:56 | Construir | Farm |
| 15:04 | Crear | Scout Cavalry |
| 15:18 | Construir | Farm |
| 15:23 | Crear | Scout Cavalry |
| 15:24 | Crear | Villager (Male) |
| 15:30 | Construir | House |
| 15:34 | Construir | Palisade Wall |
| 15:59 | Crear | Villager (Male) |
| 16:14 | Construir | House |
| 16:15 | Construir | Palisade Wall |
| 16:26 | Crear | Villager (Male) |
| 16:36 | Crear | Scout Cavalry |
| 16:37 | Crear | Villager (Male) |
| 16:51 | Crear | Scout Cavalry |
| 17:00 | Crear | Scout Cavalry |
| 17:07 | Construir | Lumber Camp |
| 17:13 | Crear | Villager (Male) |
| 17:15 | Crear | Scout Cavalry |
| 17:25 | Construir | House |
| 17:33 | Construir | House |
| 17:36 | Crear | Scout Cavalry |
| 17:53 | Crear | Scout Cavalry |
| 17:59 | Crear | Villager (Male) |
| 18:01 | Crear | Scout Cavalry |
| 18:10 | Construir | House |
| 18:18 | Investigar | Bloodlines |
| 18:18 | Investigar | Bloodlines |
| 18:25 | Construir | Lumber Camp |
| 18:37 | Crear | Villager (Male) |
| 18:37 | Crear | Villager (Male) |
| 18:53 | Crear | Scout Cavalry |
| 18:58 | Crear | Scout Cavalry |
| 19:07 | Construir | House |
| 19:18 | Construir | Stable |
| 19:22 | Crear | Villager (Male) |
| 19:31 | Construir | Lumber Camp |
| 19:46 | Crear | Villager (Male) |
| 19:51 | Construir | Farm |
| 19:51 | Construir | Farm |
| 19:55 | Crear | Villager (Male) |
| 20:02 | Construir | Market |
| 20:08 | Construir | Farm |
| 20:10 | Construir | Farm |
| 20:14 | Construir | Farm |
| 20:19 | Construir | Palisade Wall |
| 20:20 | Construir | Palisade Wall |
| 20:21 | Construir | Palisade Wall |
| 20:23 | Construir | Palisade Wall |
| 20:24 | Construir | Palisade Wall |
| 20:25 | Construir | Palisade Wall |
| 20:35 | Investigar | Stone Mining |
| 20:36 | Construir | Palisade Wall |
| 20:37 | Construir | Palisade Wall |
| 20:50 | Crear | Villager (Male) |
| 20:50 | Crear | Villager (Male) |
| 20:58 | Construir | Watch Tower |
| 21:35 | Investigar | Castle Age |
| 22:39 | Construir | Farm |
| 22:40 | Construir | Farm |
| 22:40 | Construir | Farm |
| 23:49 | Investigar | Horse Collar |
| 24:20 | Edad | Edad de los Castillos |
| 24:22 | Crear | Knight |
| 24:23 | Crear | Knight |
| 24:28 | Crear | Knight |
| 24:48 | Investigar | Husbandry |
| 24:49 | Crear | Battle Elephant |
| 24:49 | Crear | Battle Elephant |
| 24:50 | Crear | Villager (Male) |
| 24:51 | Crear | Villager (Male) |
| 25:23 | Construir | Farm |
| 25:24 | Crear | Villager (Male) |
| 25:26 | Crear | Battle Elephant |
| 25:39 | Crear | Battle Elephant |
Build order — [Ne0] Fidel Castro
Primeras 150 de 300 acciones detectadas
| 0:01 | Investigar | Loom |
| 0:01 | Investigar | Loom |
| 0:02 | Construir | House |
| 0:04 | Construir | House |
| 0:10 | Crear | Villager (Male) |
| 0:10 | Crear | Villager (Male) |
| 0:13 | Crear | Villager (Male) |
| 0:13 | Crear | Villager (Male) |
| 1:39 | Crear | Villager (Male) |
| 1:40 | Crear | Villager (Male) |
| 1:40 | Crear | Villager (Male) |
| 2:07 | Crear | Villager (Male) |
| 2:07 | Crear | Villager (Male) |
| 2:07 | Crear | Villager (Male) |
| 2:13 | Construir | Lumber Camp |
| 2:28 | Crear | Villager (Male) |
| 2:28 | Crear | Villager (Male) |
| 2:32 | Crear | Villager (Male) |
| 2:32 | Crear | Villager (Male) |
| 2:56 | Crear | Villager (Male) |
| 2:56 | Crear | Villager (Male) |
| 3:45 | Crear | Villager (Male) |
| 4:00 | Construir | House |
| 4:03 | Crear | Villager (Male) |
| 4:03 | Crear | Villager (Male) |
| 4:18 | Construir | House |
| 4:24 | Crear | Villager (Male) |
| 4:24 | Crear | Villager (Male) |
| 4:48 | Crear | Villager (Male) |
| 4:49 | Crear | Villager (Male) |
| 5:30 | Construir | Mining Camp |
| 5:43 | Crear | Villager (Male) |
| 6:16 | Crear | Villager (Male) |
| 6:40 | Investigar | Feudal Age |
| 6:41 | Investigar | Feudal Age |
| 6:41 | Investigar | Feudal Age |
| 7:57 | Construir | Barracks |
| 8:20 | Crear | Villager (Male) |
| 8:52 | Edad | Edad Feudal |
| 8:55 | Construir | Archery Range |
| 9:00 | Crear | Villager (Male) |
| 9:03 | Crear | Villager (Male) |
| 9:05 | Investigar | Double-Bit Axe |
| 9:08 | Construir | House |
| 9:29 | Crear | Spearman |
| 9:38 | Crear | Villager (Male) |
| 9:38 | Crear | Villager (Male) |
| 9:44 | Crear | Archer |
| 9:44 | Crear | Archer |
| 9:50 | Crear | Archer |
| 10:05 | Construir | Archery Range |
| 10:17 | Crear | Archer |
| 10:17 | Crear | Archer |
| 10:23 | Crear | Villager (Male) |
| 10:23 | Crear | Villager (Male) |
| 10:32 | Crear | Archer |
| 10:32 | Crear | Archer |
| 10:51 | Crear | Archer |
| 10:52 | Crear | Archer |
| 10:53 | Crear | Archer |
| 10:53 | Crear | Archer |
| 10:55 | Construir | House |
| 10:59 | Crear | Villager (Male) |
| 10:59 | Crear | Villager (Male) |
| 10:59 | Crear | Villager (Male) |
| 11:31 | Construir | House |
| 11:32 | Crear | Archer |
| 11:38 | Construir | Blacksmith |
| 11:39 | Crear | Archer |
| 11:39 | Crear | Archer |
| 11:40 | Crear | Archer |
| 12:06 | Crear | Archer |
| 12:06 | Crear | Archer |
| 12:08 | Crear | Villager (Male) |
| 12:08 | Crear | Villager (Male) |
| 12:09 | Construir | House |
| 12:12 | Construir | House |
| 12:28 | Construir | Mill |
| 12:40 | Construir | Palisade Wall |
| 12:45 | Crear | Archer |
| 12:45 | Crear | Archer |
| 12:58 | Construir | House |
| 13:00 | Construir | House |
| 13:07 | Construir | Palisade Wall |
| 13:10 | Construir | Palisade Wall |
| 13:16 | Crear | Villager (Male) |
| 13:16 | Crear | Villager (Male) |
| 13:21 | Construir | Farm |
| 13:22 | Construir | Farm |
| 13:24 | Construir | Farm |
| 13:37 | Crear | Archer |
| 13:37 | Crear | Archer |
| 13:38 | Crear | Archer |
| 13:53 | Crear | Archer |
| 13:53 | Crear | Archer |
| 13:59 | Construir | Farm |
| 14:05 | Construir | Farm |
| 14:10 | Crear | Villager (Male) |
| 14:11 | Crear | Villager (Male) |
| 14:24 | Crear | Archer |
| 14:24 | Crear | Archer |
| 14:31 | Crear | Villager (Male) |
| 14:34 | Construir | Farm |
| 14:47 | Crear | Archer |
| 14:47 | Crear | Archer |
| 15:05 | Investigar | Fletching |
| 15:05 | Investigar | Fletching |
| 15:12 | Construir | Farm |
| 15:19 | Construir | House |
| 15:20 | Construir | House |
| 15:22 | Construir | House |
| 15:27 | Crear | Archer |
| 15:27 | Crear | Archer |
| 15:27 | Crear | Archer |
| 15:28 | Crear | Villager (Male) |
| 15:28 | Crear | Villager (Male) |
| 15:29 | Crear | Villager (Male) |
| 15:44 | Construir | Lumber Camp |
| 15:55 | Crear | Archer |
| 15:55 | Crear | Archer |
| 15:55 | Crear | Villager (Male) |
| 15:56 | Crear | Villager (Male) |
| 15:56 | Crear | Villager (Male) |
| 16:22 | Crear | Archer |
| 16:22 | Crear | Archer |
| 16:24 | Investigar | Padded Archer Armor |
| 16:26 | Crear | Archer |
| 16:26 | Crear | Archer |
| 16:27 | Crear | Archer |
| 17:13 | Crear | Archer |
| 17:14 | Crear | Archer |
| 17:14 | Crear | Villager (Male) |
| 17:14 | Crear | Villager (Male) |
| 17:15 | Crear | Villager (Male) |
| 17:46 | Crear | Archer |
| 17:46 | Crear | Archer |
| 17:47 | Crear | Villager (Male) |
| 17:47 | Crear | Villager (Male) |
| 18:00 | Crear | Archer |
| 18:00 | Crear | Archer |
| 18:01 | Crear | Villager (Male) |
| 18:01 | Crear | Villager (Male) |
| 18:04 | Construir | Archery Range |
| 18:07 | Construir | Farm |
| 18:08 | Crear | Archer |
| 18:08 | Crear | Archer |
| 18:11 | Construir | House |
| 18:12 | Construir | House |
| 18:13 | Construir | House |
| 18:27 | Construir | Mining Camp |
Build order — Мамкин руинер
Primeras 150 de 186 acciones detectadas
| 0:01 | Crear | Villager (Male) ×4 |
| 0:03 | Construir | House |
| 0:06 | Construir | House |
| 1:31 | Crear | Villager (Male) |
| 1:32 | Crear | Villager (Male) |
| 1:49 | Construir | Lumber Camp |
| 1:58 | Crear | Villager (Male) |
| 1:58 | Crear | Villager (Male) |
| 2:17 | Crear | Villager (Male) |
| 2:42 | Crear | Villager (Male) |
| 2:42 | Crear | Villager (Male) |
| 3:14 | Construir | House |
| 3:15 | Construir | Palisade Wall |
| 3:20 | Crear | Villager (Male) |
| 3:21 | Crear | Villager (Male) |
| 3:21 | Crear | Villager (Male) |
| 4:02 | Crear | Villager (Male) |
| 4:30 | Crear | Villager (Male) |
| 4:30 | Crear | Villager (Male) |
| 5:03 | Construir | Mill |
| 5:13 | Crear | Villager (Male) |
| 5:13 | Crear | Villager (Male) |
| 5:29 | Construir | House |
| 5:29 | Construir | House |
| 5:41 | Construir | House |
| 5:46 | Construir | Palisade Wall |
| 5:56 | Investigar | Loom |
| 6:12 | Construir | Palisade Wall |
| 6:13 | Construir | Palisade Wall |
| 6:17 | Construir | Palisade Wall |
| 6:20 | Construir | Palisade Wall |
| 6:40 | Crear | Villager (Male) |
| 7:01 | Crear | Villager (Male) |
| 7:20 | Crear | Villager (Male) |
| 7:48 | Construir | Barracks |
| 7:50 | Investigar | Feudal Age |
| 8:22 | Construir | Mining Camp |
| 8:37 | Construir | Lumber Camp |
| 9:35 | Crear | Villager (Male) |
| 10:06 | Edad | Edad Feudal |
| 10:16 | Crear | Spearman |
| 10:22 | Construir | Archery Range |
| 10:26 | Construir | Archery Range |
| 10:33 | Crear | Villager (Male) |
| 10:33 | Crear | Villager (Male) |
| 10:44 | Construir | Watch Tower |
| 10:59 | Crear | Spearman |
| 11:18 | Crear | Villager (Male) |
| 11:18 | Crear | Villager (Male) |
| 12:09 | Crear | Villager (Male) |
| 12:17 | Construir | Palisade Gate |
| 12:22 | Crear | Archer |
| 12:23 | Crear | Archer |
| 12:27 | Construir | Farm |
| 12:27 | Construir | Farm |
| 12:28 | Construir | Farm |
| 12:28 | Construir | Farm |
| 12:31 | Construir | Farm |
| 12:34 | Construir | Farm |
| 12:40 | Crear | Archer |
| 12:41 | Crear | Villager (Male) |
| 12:41 | Crear | Villager (Male) |
| 12:41 | Crear | Villager (Male) |
| 12:53 | Construir | House |
| 13:03 | Construir | Blacksmith |
| 13:16 | Construir | House |
| 13:17 | Construir | House |
| 13:22 | Crear | Archer |
| 13:22 | Crear | Archer |
| 13:41 | Construir | Farm |
| 13:43 | Construir | Farm |
| 13:45 | Crear | Villager (Male) |
| 14:04 | Crear | Archer |
| 14:12 | Investigar | Fletching |
| 14:13 | Crear | Archer |
| 14:14 | Crear | Archer |
| 14:27 | Crear | Villager (Male) |
| 14:27 | Crear | Villager (Male) |
| 14:36 | Construir | Farm |
| 15:07 | Crear | Archer |
| 15:07 | Crear | Archer |
| 15:07 | Crear | Villager (Male) |
| 15:25 | Construir | Lumber Camp |
| 15:27 | Crear | Villager (Male) |
| 15:32 | Construir | House |
| 15:34 | Crear | Villager (Male) |
| 15:36 | Crear | Archer |
| 15:36 | Crear | Archer |
| 16:08 | Crear | Archer |
| 16:08 | Crear | Archer |
| 16:08 | Crear | Archer |
| 16:09 | Crear | Villager (Male) |
| 16:09 | Crear | Villager (Male) |
| 16:47 | Crear | Archer |
| 16:47 | Crear | Archer |
| 16:47 | Crear | Archer |
| 17:03 | Crear | Archer |
| 17:04 | Crear | Archer |
| 17:05 | Crear | Villager (Male) |
| 17:05 | Crear | Villager (Male) |
| 17:06 | Crear | Villager (Male) |
| 17:06 | Crear | Villager (Male) |
| 17:26 | Crear | Archer |
| 17:27 | Crear | Archer |
| 17:28 | Crear | Villager (Male) |
| 17:38 | Construir | Farm |
| 17:39 | Construir | Farm |
| 17:42 | Construir | Farm |
| 17:46 | Construir | Farm |
| 18:06 | Crear | Villager (Male) |
| 18:23 | Crear | Archer |
| 18:53 | Crear | Archer |
| 18:53 | Crear | Archer |
| 19:13 | Crear | Archer |
| 19:14 | Crear | Archer |
| 19:44 | Crear | Archer |
| 19:44 | Crear | Archer |
| 19:47 | Construir | House |
| 19:48 | Construir | House |
| 19:48 | Construir | House |
| 19:53 | Construir | Lumber Camp |
| 19:54 | Crear | Villager (Male) |
| 19:54 | Crear | Villager (Male) |
| 19:55 | Crear | Villager (Male) |
| 19:59 | Construir | House |
| 20:02 | Construir | Gate |
| 20:05 | Construir | Stone Wall |
| 20:07 | Construir | Stone Wall |
| 20:15 | Construir | Stone Wall |
| 20:20 | Construir | House |
| 20:22 | Construir | House |
| 20:23 | Construir | House |
| 20:26 | Crear | Villager (Male) |
| 20:26 | Crear | Villager (Male) |
| 20:27 | Crear | Archer |
| 20:27 | Crear | Archer |
| 20:31 | Construir | Archery Range |
| 20:35 | Construir | Archery Range |
| 20:50 | Crear | Archer |
| 20:50 | Crear | Archer |
| 20:53 | Crear | Villager (Male) |
| 21:28 | Investigar | Padded Archer Armor |
| 21:29 | Crear | Skirmisher |
| 21:30 | Crear | Archer |
| 21:31 | Crear | Villager (Male) |
| 21:32 | Crear | Villager (Male) |
| 21:50 | Crear | Archer |
| 21:50 | Crear | Skirmisher ×4 |
| 22:08 | Crear | Archer |
| 22:09 | Crear | Skirmisher ×4 |
Build order — Don_Maximiliano
Primeras 150 de 215 acciones detectadas
| 0:01 | Crear | Villager (Male) ×5 |
| 0:03 | Construir | House |
| 0:04 | Construir | House |
| 1:48 | Crear | Villager (Male) |
| 2:10 | Crear | Villager (Male) |
| 2:39 | Crear | Villager (Male) ×2 |
| 2:44 | Crear | Villager (Male) |
| 3:23 | Construir | Lumber Camp |
| 3:39 | Construir | House |
| 3:57 | Crear | Villager (Male) ×4 |
| 4:25 | Crear | Villager (Male) ×2 |
| 4:45 | Crear | Villager (Male) |
| 4:53 | Construir | Mill |
| 5:54 | Investigar | Loom |
| 6:27 | Investigar | Feudal Age |
| 6:57 | Crear | Villager (Male) |
| 7:20 | Construir | Barracks |
| 7:23 | Construir | House |
| 8:31 | Edad | Edad Feudal |
| 8:35 | Construir | Stable |
| 8:41 | Investigar | Double-Bit Axe |
| 8:58 | Crear | Villager (Male) |
| 8:58 | Crear | Villager (Male) |
| 9:05 | Construir | House |
| 9:07 | Construir | Palisade Wall |
| 9:09 | Construir | Palisade Wall |
| 9:10 | Construir | Palisade Wall |
| 9:11 | Construir | Palisade Wall |
| 9:12 | Construir | Palisade Wall |
| 9:14 | Construir | Palisade Wall |
| 9:18 | Crear | Villager (Male) |
| 9:25 | Crear | Scout Cavalry |
| 9:25 | Crear | Scout Cavalry |
| 9:50 | Crear | Villager (Male) |
| 9:58 | Construir | Lumber Camp |
| 9:59 | Crear | Villager (Male) |
| 10:06 | Crear | Scout Cavalry |
| 10:20 | Construir | Palisade Wall |
| 10:36 | Crear | Scout Cavalry |
| 10:37 | Crear | Villager (Male) |
| 10:40 | Construir | Blacksmith |
| 10:42 | Construir | Palisade Wall |
| 10:44 | Construir | Palisade Wall |
| 11:03 | Crear | Scout Cavalry |
| 11:11 | Construir | House |
| 11:16 | Crear | Villager (Male) |
| 11:20 | Construir | Farm |
| 11:21 | Construir | Farm |
| 11:34 | Investigar | Horse Collar |
| 11:34 | Investigar | Horse Collar |
| 11:45 | Construir | House |
| 11:46 | Construir | Farm |
| 11:59 | Crear | Villager (Male) |
| 12:08 | Construir | Farm |
| 12:09 | Construir | Farm |
| 12:10 | Crear | Villager (Male) |
| 12:34 | Construir | Farm |
| 12:35 | Investigar | Scale Barding Armor |
| 12:40 | Construir | Farm |
| 12:44 | Construir | Farm |
| 13:00 | Crear | Scout Cavalry |
| 13:21 | Crear | Villager (Male) |
| 13:24 | Construir | Farm |
| 13:24 | Construir | Farm |
| 13:31 | Construir | Mining Camp |
| 13:34 | Crear | Villager (Male) |
| 13:36 | Construir | Farm |
| 13:38 | Construir | Farm |
| 13:54 | Crear | Scout Cavalry |
| 13:55 | Crear | Villager (Male) |
| 13:57 | Construir | House |
| 14:02 | Construir | Farm |
| 14:16 | Crear | Villager (Male) |
| 14:21 | Construir | Farm |
| 14:38 | Crear | Villager (Male) |
| 14:39 | Crear | Villager (Male) |
| 14:41 | Construir | Farm |
| 14:43 | Construir | Farm |
| 15:15 | Investigar | Gold Mining |
| 15:19 | Construir | Farm |
| 15:21 | Construir | Farm |
| 15:24 | Crear | Scout Cavalry |
| 15:36 | Construir | Farm |
| 15:38 | Crear | Villager (Male) |
| 15:39 | Construir | House |
| 15:40 | Construir | House |
| 15:46 | Crear | Villager (Male) |
| 16:10 | Crear | Scout Cavalry |
| 16:27 | Construir | Farm |
| 16:27 | Construir | Farm |
| 16:27 | Construir | Farm |
| 16:27 | Construir | Farm |
| 16:28 | Crear | Villager (Male) |
| 16:33 | Investigar | Bloodlines |
| 16:33 | Investigar | Bloodlines |
| 16:40 | Crear | Villager (Male) |
| 16:45 | Construir | House |
| 16:46 | Construir | House |
| 16:52 | Crear | Scout Cavalry |
| 16:53 | Crear | Villager (Male) |
| 17:44 | Crear | Scout Cavalry |
| 17:45 | Crear | Villager (Male) |
| 17:45 | Crear | Villager (Male) |
| 17:48 | Construir | Farm |
| 17:48 | Construir | Farm |
| 17:48 | Construir | Farm |
| 17:50 | Crear | Villager (Male) |
| 17:57 | Construir | Mill |
| 17:58 | Construir | Farm |
| 17:58 | Construir | Farm |
| 17:58 | Construir | Farm |
| 17:58 | Construir | Farm |
| 17:58 | Construir | Farm |
| 18:00 | Crear | Villager (Male) |
| 18:35 | Construir | Farm |
| 18:36 | Construir | Farm |
| 19:09 | Crear | Scout Cavalry |
| 19:10 | Crear | Villager (Male) |
| 19:26 | Crear | Villager (Male) |
| 19:59 | Investigar | Castle Age |
| 20:18 | Investigar | Forging |
| 20:38 | Construir | House |
| 20:43 | Construir | House |
| 20:50 | Construir | Palisade Wall |
| 20:57 | Construir | House |
| 21:13 | Construir | Stable |
| 21:20 | Construir | Lumber Camp |
| 21:21 | Crear | Villager (Male) |
| 21:29 | Construir | Stable |
| 21:33 | Construir | Mining Camp |
| 21:55 | Crear | Scout Cavalry |
| 22:07 | Crear | Villager (Male) |
| 22:24 | Crear | Scout Cavalry |
| 22:27 | Edad | Edad de los Castillos |
| 22:29 | Crear | Knight ×4 |
| 22:43 | Investigar | Wheelbarrow |
| 22:47 | Investigar | Chain Barding Armor |
| 22:53 | Construir | Market |
| 23:00 | Construir | Gate |
| 23:02 | Construir | Gate |
| 23:09 | Crear | Knight |
| 23:15 | Crear | Villager (Male) |
| 23:24 | Crear | Villager (Male) |
| 23:35 | Crear | Knight ×2 |
| 23:36 | Crear | Villager (Male) |
| 23:52 | Crear | Knight |
| 24:12 | Crear | Knight |
| 24:15 | Crear | Knight |
| 24:17 | Crear | Villager (Male) |
| 24:37 | Crear | Villager (Male) |
Cronología de la partida
| 3:15 | Мамкин руинер · wall_segment Palisade Wall x1 |
| 5:46 | Мамкин руинер · wall_segment Palisade Wall x1 |
| 5:48 | [Ne0] Carlos Menem · first_building Barracks |
| 6:12 | Мамкин руинер · wall_segment Palisade Wall x1 |
| 6:13 | Мамкин руинер · wall_segment Palisade Wall x1 |
| 6:17 | Мамкин руинер · wall_segment Palisade Wall x1 |
| 6:20 | Мамкин руинер · wall_segment Palisade Wall x1 |
| 7:08 | Ardashnicov · first_building Barracks |
| 7:20 | Don_Maximiliano · first_building Barracks |
| 7:39 | [Ne0] Nicolas del Caño · first_building Barracks |
| 7:48 | Мамкин руинер · first_building Barracks |
| 7:57 | [Ne0] Fidel Castro · first_building Barracks |
| 8:01 | Ardashnicov · age_up feudal |
| 8:28 | youteGG_blind_mist · age_up feudal |
| 8:30 | youteGG_blind_mist · first_building Stable |
| 8:31 | Don_Maximiliano · age_up feudal |
| 8:32 | [Ne0] Nicolas del Caño · age_up feudal |
| 8:35 | Don_Maximiliano · first_building Stable |
| 8:37 | [Ne0] Nicolas del Caño · first_building Stable |
| 8:52 | [Ne0] Fidel Castro · age_up feudal |
| 8:54 | [Ne0] Javier Milei · age_up feudal |
| 8:55 | [Ne0] Fidel Castro · first_building Archery Range |
| 8:56 | [Ne0] Javier Milei · first_building Stable |
| 8:59 | Ardashnicov · wall_segment Palisade Wall x1 |
| 9:07 | Don_Maximiliano · wall_segment Palisade Wall x1 |
| 9:08 | Ardashnicov · wall_segment Palisade Wall x6 |
| 9:09 | Don_Maximiliano · wall_segment Palisade Wall x1 |
| 9:10 | Don_Maximiliano · wall_segment Palisade Wall x1 |
| 9:11 | Don_Maximiliano · wall_segment Palisade Wall x1 |
| 9:12 | Don_Maximiliano · wall_segment Palisade Wall x3 |
| 9:13 | Ardashnicov · first_building Archery Range |
| 9:14 | youteGG_blind_mist · wall_segment Palisade Wall x7 |
| 9:14 | Don_Maximiliano · wall_segment Palisade Wall x1 |
| 9:48 | [Ne0] Carlos Menem · age_up feudal |
| 9:50 | [Ne0] Carlos Menem · first_building Archery Range |
| 10:06 | Мамкин руинер · age_up feudal |
| 10:19 | [Ne0] Carlos Menem · wall_segment Palisade Wall x1 |
| 10:20 | Don_Maximiliano · wall_segment Palisade Wall x1 |
| 10:21 | [Ne0] Carlos Menem · wall_segment Palisade Wall x3 |
| 10:22 | [Ne0] Carlos Menem · wall_segment Palisade Wall x4 |
| 10:22 | Мамкин руинер · first_building Archery Range |
| 10:23 | [Ne0] Carlos Menem · wall_segment Palisade Wall x4 |
| 10:24 | [Ne0] Carlos Menem · wall_segment Palisade Wall x3 |
| 10:28 | [Ne0] Nicolas del Caño · wall_segment Palisade Wall x15 |
| 10:33 | youteGG_blind_mist · wall_segment Palisade Wall x6 |
| 10:42 | Don_Maximiliano · wall_segment Palisade Wall x4 |
| 10:44 | Don_Maximiliano · wall_segment Palisade Wall x1 |
| 10:49 | [Ne0] Carlos Menem · wall_segment Palisade Wall x8 |
| 11:01 | youteGG_blind_mist · wall_segment Palisade Wall x6 |
| 11:10 | [Ne0] Javier Milei · wall_segment Palisade Wall x4 |
| 11:12 | [Ne0] Javier Milei · wall_segment Palisade Wall x2 |
| 11:24 | Ardashnicov · wall_segment Palisade Wall x1 |
| 11:26 | Ardashnicov · wall_segment Palisade Wall x1 |
| 11:37 | [Ne0] Carlos Menem · wall_segment Palisade Wall x4 |
| 11:47 | Ardashnicov · wall_segment Palisade Wall x1 |
| 11:48 | Ardashnicov · wall_segment Palisade Wall x1 |
| 11:49 | Ardashnicov · wall_segment Palisade Wall x1 |
| 11:52 | Ardashnicov · wall_segment Palisade Wall x1 |
| 11:53 | Ardashnicov · wall_segment Palisade Wall x1 |
| 11:54 | Ardashnicov · wall_segment Palisade Wall x1 |
| 12:12 | [Ne0] Nicolas del Caño · wall_segment Palisade Wall x8 |
| 12:13 | Ardashnicov · wall_segment Palisade Wall x1 |
| 12:40 | [Ne0] Fidel Castro · wall_segment Palisade Wall x1 |
| 13:07 | [Ne0] Fidel Castro · wall_segment Palisade Wall x1 |
| 13:10 | [Ne0] Fidel Castro · wall_segment Palisade Wall x1 |
| 13:21 | [Ne0] Carlos Menem · wall_segment Palisade Wall x4 |
| 13:21 | Ardashnicov · wall_segment Palisade Wall x1 |
| 13:48 | [Ne0] Carlos Menem · wall_segment Palisade Wall x5 |
| 14:54 | [Ne0] Carlos Menem · wall_segment Palisade Wall x5 |
| 15:19 | [Ne0] Nicolas del Caño · wall_segment Palisade Wall x1 |
| 15:34 | youteGG_blind_mist · wall_segment Palisade Wall x1 |
| 16:04 | [Ne0] Carlos Menem · wall_segment Palisade Wall x1 |
| 16:15 | youteGG_blind_mist · wall_segment Palisade Wall x1 |
| 20:05 | Мамкин руинер · wall_segment Stone Wall x6 |
| 20:07 | Мамкин руинер · wall_segment Stone Wall x1 |
| 20:15 | Мамкин руинер · wall_segment Stone Wall x8 |
| 20:19 | youteGG_blind_mist · wall_segment Palisade Wall x1 |
| 20:20 | youteGG_blind_mist · wall_segment Palisade Wall x1 |
| 20:21 | youteGG_blind_mist · wall_segment Palisade Wall x1 |
| 20:23 | youteGG_blind_mist · wall_segment Palisade Wall x1 |
| 20:24 | youteGG_blind_mist · wall_segment Palisade Wall x1 |
| 20:25 | youteGG_blind_mist · wall_segment Palisade Wall x1 |
| 20:36 | youteGG_blind_mist · wall_segment Palisade Wall x1 |
| 20:37 | youteGG_blind_mist · wall_segment Palisade Wall x1 |
| 20:47 | [Ne0] Nicolas del Caño · first_market_sell 100 wood |
| 20:47 | [Ne0] Nicolas del Caño · first_market_buy 100 food |
| 20:50 | Don_Maximiliano · wall_segment Palisade Wall x13 |
| 20:53 | [Ne0] Javier Milei · first_market_buy 100 food |
| 20:55 | [Ne0] Javier Milei · first_market_sell 100 wood |
| 21:30 | youteGG_blind_mist · first_market_buy 100 food |
| 21:35 | youteGG_blind_mist · first_market_sell 100 wood |
| 22:25 | Ardashnicov · age_up castle |
| 22:27 | Don_Maximiliano · age_up castle |
| 23:32 | Мамкин руинер · wall_segment Palisade Wall x1 |
| 23:32 | [Ne0] Nicolas del Caño · age_up castle |
| 23:36 | [Ne0] Javier Milei · age_up castle |
| 24:15 | [Ne0] Fidel Castro · age_up castle |
| 24:20 | youteGG_blind_mist · age_up castle |
| 25:12 | [Ne0] Carlos Menem · age_up castle |
| 25:33 | [Ne0] Fidel Castro · first_market_sell 100 food |
| 25:41 | Don_Maximiliano · first_market_sell 100 food |
| 25:41 | Don_Maximiliano · first_market_buy 100 stone |
| 25:52 | Мамкин руинер · wall_segment Palisade Wall x1 |
| 25:57 | [Ne0] Carlos Menem · first_building Castle |
| 27:30 | [Ne0] Carlos Menem · wall_segment Palisade Wall x1 |
| 28:53 | Мамкин руинер · age_up castle |
| 29:15 | Ardashnicov · first_building Stable |
| 29:34 | [Ne0] Carlos Menem · first_market_sell 100 food |
| 29:36 | [Ne0] Carlos Menem · first_market_buy 100 stone |
| 29:46 | Мамкин руинер · first_building Castle |
| 30:14 | Ardashnicov · resign |
[ ANÁLISIS IA · 1 CRÉDITO ]
¿Qué pasó realmente en esta partida?
Wolo.gg analiza cada decisión: build order, eco, micro, errores típicos por bracket. Análisis personalizado por WhatsApp o Discord en 30 segundos.
Guía civ
Coreanos
Perfil
Jugador #5724306